 Dungeon Crawl Stone Soup version 0.21.1-1-g345015f (webtiles) character file.

36167 xccam the Bludgeoner (level 13, -8/67 HPs)
             Began as a Minotaur Berserker on Feb 10, 2018.
             Was a High Priest of Trog.
             Mangled by a small abomination (9 damage)
             ... on level 2 of the Abyss.
             The game lasted 00:48:38 (12632 turns).

xccam the Bludgeoner (Minotaur Berserker)          Turns: 12632, Time: 00:48:39

Health: -8/67      AC: 24    Str: 28      XL:     13   Next: 51%
Magic:  12/12      EV: 10    Int:  0 (3)  God:    Trog [*****.]
Gold:   339        SH:  0    Dex:  9      Spells: 12/12 levels left

rFire    + . .     SeeInvis .   M - +0 dire flail (vamp)
rCold    . . .     Gourm    .   (shield currently unavailable)
rNeg     . . .     Faith    .   G - +4 plate armour {rF+}
rPois    .         Spirit   .   (helmet restricted)
rElec    .         Reflect  .   j - +2 cloak
rCorr    .         Harm     .   n - +0 pair of gloves
MR       .....     Rnd*Rage +   (no boots) Stlth ..........Rnd*Tele +
                                (no amulet)
HPRegen  0.00/turn              s - +2 ring of protection
MPRegen  0.13/turn              l - +3 ring of strength

@: very slightly contaminated, non-regenerating, diseased, slowed, lost
intelligence, invisible, very slow
A: retaliatory headbutt, horns 2, berserk 1, [clumsy 1], [deformed body], dopey
1, [frail 3], [teleportitis 1]
a: Berserk, Trog's Hand, Brothers in Arms, Burn Spellbooks, Renounce Religion


You were on level 2 of the Abyss.
You worshipped Trog.
Trog was extremely pleased with you.
You were not hungry.

You visited 2 branches of the dungeon, and saw 14 of its levels.
You visited the Abyss 2 times.
You also visited: Sewer.

You collected 989 gold pieces.
You spent 650 gold pieces at shops.

Inventory:

Hand Weapons
 f - a +1 flail of protection
 k - a +2 whip of freezing
 z - a +3 flail
 C - a +3 battleaxe of electrocution
 M - a +0 vampiric dire flail (weapon)
 P - a +1 dire flail of protection
Armour
 h - a +0 hat of magic resistance
 j - a +2 cloak (worn)
 n - a +0 pair of gloves (worn)
 E - +0 acid dragon scales
 F - a +2 hat
 G - a +4 plate armour of fire resistance (worn)
Jewellery
 l - a +3 ring of strength (right hand)
 o - an uncursed ring of magical power
 s - a +2 ring of protection (left hand)
 J - a +3 ring of intelligence
 O - an uncursed ring of positive energy {unknown}
 Q - a +3 ring of dexterity {unknown}
Wands
 d - a wand of iceblast (24)
 e - a wand of flame (150)
 g - a wand of digging (19)
 p - a wand of acid (20)
 y - a wand of paralysis (37)
 B - a wand of polymorph (17)
 D - a wand of clouds (11)
Scrolls
 a - 2 scrolls of fear
 b - 4 scrolls of amnesia
 i - 15 scrolls of identify
 r - a scroll of enchant weapon
 w - 3 scrolls of teleportation
 H - 3 scrolls of enchant armour
 K - a scroll of blinking
 L - a scroll of fog {unknown}
 N - 2 scrolls of remove curse
Potions
 m - 4 potions of resistance
 q - 2 potions of might
 u - 2 potions of brilliance
 v - a potion of agility
 x - 2 potions of curing
 I - 2 potions of flight
Comestibles
 c - 10 rations


   Skills:
 - Level 3.6 Fighting
 - Level 6.7(13.9) Axes
 * Level 18.6(18.9) Maces & Flails
 + Level 17.0 Armour
 - Level 4.8 Dodging
 - Level 0.1 Stealth


You had 12 spell levels left.
You didn't know any spells.

Dungeon Overview and Level Annotations

Branches:
Dungeon (11/15)            Temple (0/1) D:4            Lair (3/6) D:8
  Swamp (0/4) Lair:2       Spider (0/4) Lair:3          Orc (0/2) D:10

Altars:
Ashenzari
Dithmenos
Elyvilon
Fedhas
Gozag
Hepliaklqana
Nemelex Xobeh
Okawaru
Ru
Trog
Uskayaw
Vehumet
Wu Jian
Xom
Yredelemnul

Shops:
D:8 (   D:10 [

Annotations:
Lair:3 Sonja


Innate Abilities, Weirdness & Mutations

You reflexively headbutt those who attack you in melee.
You have a pair of horns on your head.
You tend to lose your temper in combat.
You are dopey. (Int -2)
[You are clumsy. (Dex -2)]
[Armour fits poorly on your strangely shaped body.]
[You are extremely frail. (-30% HP)]
[You are occasionally teleported next to monsters.]


Message History

The hell hog bites you but does no damage.
The small abomination completely misses you.
You furiously retaliate!
You headbutt the small abomination!
The orange demon stings you but does no damage.
The hell hog bites you but does no damage.
The small abomination hits you but does no damage.
Unknown command.
The neqoxec gestures.
The small abomination hits you.
* * * LOW HITPOINT WARNING * * *
The orange demon stings you but does no damage.
The hell hog misses you. You furiously retaliate!
You headbutt the hell hog!
Unknown command.
The small abomination hits you but does no damage.
The hell hog bites you but does no damage.
An emperor scorpion zombie comes into view.
You fade into invisibility!
The hell hog bites you but does no damage.
The small abomination hits you!
You die...

.#. .... #...
...# #### ..# #.
#ยง.##..#..#
#.@x....#. .#.
###hG.##.#...
###h#.##.#..
#x4#...3.... ..
#G###3####3# #..
##.X.h#.# .##
...
#5h..Z.##..#...#
#......#..#x#..
...##. .####...
..#.x h. ..


You could see a soul eater, 2 hell hogs, a glowing orange brain, a neqoxec, a
hell hound, a small abomination and an emperor scorpion zombie.

Vanquished Creatures
  Rupert (Lair:3)
  Harold (Lair:2)
  3 hydras
  6 two-headed ogres
  A thrashing horror (Abyss:2)
  2 wretched stars (Abyss:2)
  A shadow wraith (D:8)
  A glowing orange brain (Abyss:2)
  The ghost of Frank the Carver, a novice OpFi of Trog (D:9)
  2 starcursed masses (Abyss:2)
  Pikel (D:4)
  2 deep elf magi (D:9)
  3 ugly things
  A cyclops (D:8)
  A centaur zombie (D:10)
  3 black mambas
  4 spiny frogs
  A rime drake (Lair:3)
  6 komodo dragons
  2 tyrant leeches (Lair:2)
  Grinder (D:6)
  A hippogriff (Lair:2)
  2 flying skulls (Abyss:2)
  A wraith (D:11)
  14 yaks
  A wyvern (Lair:2)
  2 fire bats (D:5)
  A ynoxinul (Abyss:2)
  2 hungry ghosts (D:9)
  A basilisk (D:11)
  Edmund (D:4)
  Menkaure (D:6)
  8 water moccasins
  An acid dragon (D:9)
  3 porcupines
  2 hell hounds (D:8)
  6 orc warriors
  A sky beast (D:6)
  A swamp drake (D:9)
  Purgy (Sewer)
  4 necrophages (D:10)
  3 ice beasts
  6 ogres
  3 black bears
  2 slaves (D:4)
  The ghost of 1player the Gusty, an amateur DrAE (D:3)
  2 phantoms
  7 centaurs
  12 wolves
  A crocodile (Lair:1)
  Blork the orc (D:6)
  9 bullfrogs
  A wyvern skeleton (D:10)
  9 scorpions
  13 killer bees
  3 wights (D:10)
  5 howler monkeys
  5 crimson imps
  5 bullfrog zombies
  2 quasits
  A jelly (D:10)
  9 orc priests
  3 hounds
  2 iron imps
  7 orc wizards
  2 bullfrog skeletons
  4 centaur skeletons
  Terence (D:2)
  6 iguanas
  8 worker ants
  A hound skeleton (D:7)
  2 hound zombies
  A mummy (D:10)
  7 gnolls
  A worker ant zombie (D:8)
  3 river rats (D:6)
  20 adders
  3 shadow imps
  A white imp (Abyss:2)
  2 adder zombies
  An adder skeleton (D:6)
  6 worms
  4 dart slugs
  A leopard gecko (D:1)
  39 orcs
  4 bats
  8 giant cockroaches
  9 goblins
  13 hobgoblins
  3 jackals (D:8)
  3 quokkas
  2 ball pythons
  3 frilled lizards
  A giant cockroach zombie (D:5)
  17 kobolds
  A quokka skeleton (D:5)
  7 rats
  5 fungi
  3 plants (Lair:3)
  A starspawn tentacle (Abyss:2)
403 creatures vanquished.

Vanquished Creatures (collateral kills)
  4 hell hogs (Abyss:1)
4 creatures vanquished.

Vanquished Creatures (others)
  An ancient zyme (Abyss:2)
  A flying skull (Abyss:2)
  A shadow imp (D:9)
  A white imp (D:9)
  2 orcs (D:9)
  A fungus (Lair:3)
  A plant (Lair:1)
  A starspawn tentacle (Abyss:2)
9 creatures vanquished.

Grand Total: 416 creatures vanquished

Notes
Turn   | Place    | Note
-------+----------+-------------------------------------------
     0 | D:1      | xccam the Minotaur Berserker began the quest for the Orb.
     0 | D:1      | Reached XP level 1. HP: 19/19 MP: 0/0
   111 | D:1      | Reached skill level 4 in Maces & Flails
   123 | D:1      | Reached XP level 2. HP: 25/26 MP: 1/1
   472 | D:2      | Reached XP level 3. HP: 28/31 MP: 2/2
   475 | D:2      | Noticed Terence
   489 | D:2      | Killed Terence
   489 | D:2      | Reached skill level 5 in Maces & Flails
   787 | D:2      | Reached XP level 4. HP: 38/39 MP: 3/3
   791 | D:2      | Reached ** piety under Trog
   828 | D:2      | Found a bloodstained altar of Trog.
   967 | D:2      | Reached skill level 6 in Maces & Flails
  1270 | D:3      | Noticed 1player's ghost (amateur DrAE)
  1284 | D:3      | Killed 1player's ghost
  1284 | D:3      | Reached skill level 7 in Maces & Flails
  1284 | D:3      | Reached XP level 5. HP: 40/45 MP: 4/4
  1338 | D:3      | Found a radiant altar of Vehumet.
  1502 | D:3      | Reached *** piety under Trog
  1515 | D:3      | Reached XP level 6. HP: 36/51 MP: 5/5
  1898 | D:4      | Found a staircase to the Ecumenical Temple.
  1990 | D:4      | Reached skill level 8 in Maces & Flails
  2054 | D:4      | Found a hide-covered altar of Uskayaw.
  2054 | D:4      | Noticed a dagger
  2054 | D:4      | Noticed a dagger
  2066 | D:4      | Found an ornate altar of the Wu Jian Council.
  2067 | D:4      | Found a shadowy altar of Dithmenos.
  2093 | D:4      | Noticed a slave
  2094 | D:4      | Noticed a slave
  2094 | D:4      | Noticed Pikel
  2096 | D:4      | Noticed a slave
  2098 | D:4      | Reached XP level 7. HP: 54/57 MP: 6/6
  2108 | D:4      | Killed Pikel
  2108 | D:4      | Reached skill level 9 in Maces & Flails
  2108 | D:4      | Reached skill level 5 in Armour
  2108 | D:4      | Reached XP level 8. HP: 55/64 MP: 7/7
  2232 | D:4      | Noticed Edmund
  2242 | D:4      | Killed Edmund
  2242 | D:4      | Reached skill level 10 in Maces & Flails
  2741 | D:5      | Entered Level 5 of the Dungeon
  3027 | D:5      | Found a transporter.
  3043 | D:5      | Found a transporter.
  3056 | D:5      | Reached skill level 11 in Maces & Flails
  3082 | D:5      | Found a bloodstained altar of Trog.
  3121 | D:5      | Found a shattered altar of Ashenzari.
  3616 | D:6      | Noticed Menkaure
  3625 | D:6      | Killed Menkaure
  3625 | D:6      | Reached XP level 9. HP: 70/70 MP: 8/8
  3844 | D:6      | Found a shimmering altar of Xom.
  3844 | D:6      | Found an opulent altar of Gozag.
  3845 | D:6      | Found an iron altar of Okawaru.
  3890 | D:6      | Noticed Blork the orc
  3903 | D:6      | Killed Blork the orc
  3903 | D:6      | Reached skill level 12 in Maces & Flails
  4098 | D:6      | Noticed Grinder
  4103 | D:6      | Killed Grinder
  4195 | D:6      | Found a glowing drain.
  4212 | Sewer    | Entered a sewer
  4246 | Sewer    | Noticed Purgy
  4254 | Sewer    | Killed Purgy
  4254 | Sewer    | Reached **** piety under Trog
  4434 | D:6      | You fall through a shaft!
  4698 | D:7      | Reached skill level 13 in Maces & Flails
  4698 | D:7      | Reached skill level 10 in Armour
  4791 | D:7      | Found a sparkling altar of Nemelex Xobeh.
  4908 | D:7      | Found a blossoming altar of Fedhas.
  5145 | D:8      | Found a sacrificial altar of Ru.
  5145 | D:8      | Found a basalt altar of Yredelemnul.
  5147 | D:8      | Noticed a cyclops
  5147 | D:8      | Noticed a green ugly thing
  5153 | D:8      | Reached XP level 10. HP: 57/77 MP: 9/9
  5168 | D:8      | Killed a green ugly thing
  5181 | D:8      | Killed a cyclops
  5468 | D:8      | Found a white marble altar of Elyvilon.
  5532 | D:8      | Killed a shadow wraith
  5589 | D:8      | Found Ifoasyan's Antique Weapon Shoppe.
  5630 | D:8      | Reached skill level 14 in Maces & Flails
  5662 | D:8      | Noticed a two-headed ogre
  5915 | D:8      | Killed a two-headed ogre
  6095 | D:8      | Found a staircase to the Lair.
  6324 | D:8      | Found a hazy altar of Hepliaklqana.
  6674 | D:9      | Noticed Frank's ghost (novice OpFi)
  6676 | D:9      | Noticed a deep elf mage
  6690 | D:9      | Killed Frank's ghost
  6690 | D:9      | Reached XP level 11. HP: 72/82 MP: 10/10
  6717 | D:9      | Killed a deep elf mage
  6717 | D:9      | Reached skill level 15 in Maces & Flails
  6981 | D:9      | Noticed a deep elf mage
  7000 | D:9      | Killed a deep elf mage
  7504 | D:9      | Reached ***** piety under Trog
  7635 | D:9      | Found a basalt altar of Yredelemnul.
  7702 | D:10     | Entered Level 10 of the Dungeon
  7718 | D:10     | Found Tuotsefo's Armour Emporium.
  7769 | D:10     | Bought a +4 plate armour of fire resistance for 650 gold pieces
  8009 | D:10     | Noticed a cyan ugly thing
  8024 | D:10     | Killed a cyan ugly thing
  8070 | D:10     | Reached skill level 16 in Maces & Flails
  8113 | D:10     | Noticed a two-headed ogre
  8123 | D:10     | Killed a two-headed ogre
  8146 | D:10     | Noticed a two-headed ogre
  8155 | D:10     | Killed a two-headed ogre
  8176 | D:10     | Noticed a two-headed ogre
  8216 | D:10     | Killed a two-headed ogre
  8316 | D:10     | Found a staircase to the Orcish Mines.
  8376 | D:11     | Received a gift from Trog
  8376 | D:11     | Reached XP level 12. HP: 72/90 MP: 11/11
  8400 | D:11     | Noticed a seven-headed hydra
  8410 | D:11     | Killed a seven-headed hydra
  8783 | D:11     | Noticed a two-headed ogre
  8791 | D:11     | Killed a two-headed ogre
  8791 | D:11     | Reached skill level 15 in Armour
  8986 | D:11     | Noticed a two-headed ogre
  8993 | D:11     | Killed a two-headed ogre
  8993 | D:11     | Reached skill level 17 in Maces & Flails
  9213 | Lair:1   | Entered Level 1 of the Lair of Beasts
  9706 | Lair:1   | Noticed an eight-headed hydra
  9714 | Lair:1   | Killed an eight-headed hydra
 10222 | Lair:2   | Reached skill level 1 in Axes
 10268 | Lair:2   | Found a staircase to the Swamp.
 10607 | Lair:2   | Reached skill level 5 in Axes
 10623 | Lair:2   | Noticed an eight-headed hydra
 10633 | Lair:2   | Killed a 14-headed hydra
 10698 | Lair:2   | Noticed Harold
 10714 | Lair:2   | Killed Harold
 11210 | Lair:3   | Reached XP level 13. HP: 96/96 MP: 12/12
 11353 | Lair:3   | Noticed Rupert
 11377 | Lair:3   | Killed Rupert
 11412 | Lair:3   | Found a hole to the Spider Nest.
 11477 | Lair:3   | Noticed Sonja
 12036 | Lair:3   | Cast into level 1 of the Abyss (Sonja)
 12055 | Abyss:1  | Reached skill level 18 in Maces & Flails
 12058 | Abyss:1  | Noticed a starcursed mass
 12106 | Abyss:1  | Found a corrupted altar of Lugonu.
 12119 | Lair:3   | Escaped the Abyss
 12241 | Lair:3   | Cast into level 2 of the Abyss (Sonja)
 12270 | Abyss:2  | Found a hazy altar of Hepliaklqana.
 12288 | Abyss:2  | Found a hazy altar of Hepliaklqana.
 12385 | Abyss:2  | Noticed a starcursed mass
 12386 | Abyss:2  | Noticed a starcursed mass
 12412 | Abyss:2  | Killed a starcursed mass
 12601 | Abyss:2  | Noticed a tentacled starspawn
 12608 | Abyss:2  | Noticed a tentacled starspawn
 12610 | Abyss:2  | Gained mutation: You tend to lose your temper in combat. [a neqoxec]
 12612 | Abyss:2  | Gained mutation: You are dopey. (Int -2) [a neqoxec]
 12613 | Abyss:2  | Noticed a bone dragon
 12615 | Abyss:2  | Lost intelligence.
 12630 | Abyss:2  | HP: 1/67 [small abomination (5)]
 12632 | Abyss:2  | Mangled by a small abomination

Skill      XL: |  1  2  3  4  5  6  7  8  9 10 11 12 13 |
---------------+----------------------------------------+-----
Maces & Flails | 4 5 7 8 9 11 13 14 16 17 18 | 18.6
Armour         | 3 4 5 7 10 12 14 16 17 | 17.0
Dodging        | 3 4 |  4.8
Axes           | 6 |  6.7
Fighting       | |  3.6
Stealth        | |  0.1

Action                   |  1- 3 |  4- 6 |  7- 9 | 10-12 | 13-15 || total
-------------------------+-------+-------+-------+-------+-------++-------
Melee: Mace              |    38 |       |       |       |       ||    38
       Headbutt          |     4 |    29 |    69 |   208 |    41 ||   351
       Flail             |    10 |   141 |    13 |   310 |       ||   474
       Whip              |       |       |   331 |   410 |       ||   741
       Battleaxe         |       |       |       |    81 |       ||    81
       Dire flail        |       |       |       |     5 |   151 ||   156
Invok: Berserk           |     1 |     1 |     1 |     4 |     4 ||    11
       Trog's Hand       |       |     2 |     2 |     9 |     5 ||    18
       Burn Spellbooks   |       |       |     1 |     5 |     2 ||     8
       Brothers in Arms  |       |       |       |       |     1 ||     1
  Use: Potion            |     5 |     3 |     2 |     5 |     4 ||    19
       Scroll            |     1 |     8 |     4 |     8 |     2 ||    23
 Stab: Invisible         |     1 |       |       |       |       ||     1
  Eat: Chunk             |     1 |     5 |     8 |    18 |       ||    32
       Ration            |       |       |     1 |     6 |     3 ||    10
Armor: Animal skin       |     6 |       |       |       |       ||     6
       Scale mail        |     8 |    95 |   104 |    34 |       ||   241
       Ring mail         |       |       |       |    80 |       ||    80
       Plate armour      |       |       |       |   335 |    87 ||   422
Dodge: Dodged            |    30 |   132 |   145 |   368 |    64 ||   739
